 Dungeon Crawl Stone Soup version 0.27-a0-1196-g3e9cee4cb2 (webtiles) character file.

Game seed: 13294373059991450986

2619 squidjockey the Martial Artist (level 9, 0/64 HPs)
             Began as an Octopode Chaos Knight on May 27, 2021.
             Was a Plaything of Xom.
             Slain by a two-headed ogre
             ... wielding a +0 giant spiked club
              (34 damage)
             ... on level 8 of the Dungeon.
             The game lasted 00:12:03 (6642 turns).

squidjockey the Martial Artist (OpCK)               Turns: 6642, Time: 00:12:04

Health: 0/64       AC:  1    Str: 12    XL:     9   Next: 60%
Magic:  9/9        EV: 15    Int: 17    God:    Xom [.*....]
Gold:   155        SH:  0    Dex: 11    Spells: 3/8 levels left

rFire    . . .     SeeInvis .     - Unarmed
rCold    . . .     Faith    .   (no shield)
rNeg     . . .     Spirit   .   (helmet restricted)
rPois    .         Reflect  .   (no amulet)
rElec    .         Harm     .   (no ring)
rCorr    .         Rampage  .   (no ring)
Will     .....     Clarity  +   (no ring)
Stlth    ++........             (no ring)
HPRegen  1.20/turn              (no ring)
MPRegen  0.11/turn              (no ring)
                                (no ring)
                                (no ring)

@: no status effects
A: almost no armour, amphibious, 8 rings, camouflage 1, gelatinous body 1,
(nimble swimmer 1), tentacles, clarity, clever 1, clumsy 1, mutation resistance
1, regeneration 1
a: Renounce Religion


You were on level 8 of the Dungeon.
You worshipped Xom.
You were a plaything of Xom.
You visited 1 branch of the dungeon, and saw 9 of its levels.
You also visited: Ossuary.

You collected 253 gold pieces.
You spent 98 gold pieces at shops.

Inventory:

Hand Weapons
 h - a +0 hunting sling of flaming
 m - a +2 whip of electrocution
Missiles
 i - 318 stones (quivered)
 j - 60 sling bullets
 r - 2 boomerangs
Scrolls
 a - a scroll of teleportation {@r3}
 b - 5 scrolls of vulnerability {unknown}
 k - a scroll of fog
 l - 2 scrolls of blinking {@r4}
 n - 4 scrolls of amnesia
 p - a scroll of holy word
 t - a scroll of immolation
 x - a scroll of torment
Potions
 c - 3 potions of heal wounds {@q2}
 d - 6 potions of haste {@q4}
 e - a potion of flight
 f - 6 potions of curing {@q1}
 g - 2 potions of mutation
 q - a potion of cancellation
 u - a potion of degeneration
 w - a potion of brilliance {unknown}


   Skills:
 + Level 7.0 Fighting
 + Level 6.1 Dodging
 * Level 9.6 Unarmed Combat
 * Level 3.0 Evocations


You had 3 spell levels left.
You knew the following spells:

 Your Spells              Type           Power      Damage    Failure   Level
a - Blink                 Tloc           N/A        N/A       34%         2
b - Mephitic Cloud        Conj/Pois/Air  0%         N/A       56%         3

Your spell library contained the following spells:

 Spells                   Type           Power      Damage    Failure   Level
 Magic Dart               Conj           0%         1d3       24%         1
 Shock                    Conj/Air       0%         1d3       24%         1
 Call Imp                 Summ           0%         N/A       34%         2
 Slow                     Hex            0%         N/A       34%         2
 Static Discharge         Conj/Air       0%         N/A       34%         2
 Conjure Flame            Conj/Fire      0%         6-21      56%         3
 Swiftness                Air            0%         N/A       56%         3
 Airstrike                Air            0%         N/A       93%         4
 Lightning Bolt           Conj/Air       0%         1d11      100%        5


Dungeon Overview and Level Annotations

Branches:
Dungeon (9/15)             Temple (0/1) D:4         Ossuary (visited)
   Lair: D:8-11         Orc: D:9-12

Altars:
Ashenzari
Cheibriados
Dithmenos
Elyvilon
Fedhas
Kikubaaqudgha
Okawaru
Sif Muna
Trog
Vehumet
Wu Jian
Xom

Shops:
D:6 ?([


Innate Abilities, Weirdness & Mutations

You cannot wear most types of armour.
You are amphibious.
You can wear up to eight rings at the same time.
Your skin changes colour to match your surroundings (Stealth+).
Your rubbery body absorbs attacks. (AC +1, EV +1)
((You are camouflaged near water. (Stealth+)))
You have tentacles for arms and can constrict up to eight enemies at once.
You possess an exceptional clarity of mind.
Your mind is acute. (Int +2)
You are clumsy. (Dex -2)
You are somewhat resistant to further mutation.
Your natural rate of healing is unusually fast.


Message History

You see here 15 gold pieces.
Xom guffaws.
You summon a lindwurm!
Your lindwurm bites the two-headed ogre.
Your lindwurm claws the two-headed ogre.
Your lindwurm claws the two-headed ogre!
The two-headed ogre hits your lindwurm with a +0 giant spiked club!!
The two-headed ogre hits your lindwurm with a +0 giant club!
Your lindwurm bites the two-headed ogre!!
Your lindwurm barely misses the two-headed ogre.
Your lindwurm claws the two-headed ogre.
What are your orders? t - Shout!
Orders for allies: a - Attack new target. r - Retreat! s - Stop attacking. g - Guard the area. f - Follow me.
Anything else - Cancel.
Guard this area!
The two-headed ogre hits your lindwurm with a +0 giant spiked club!!
Your lindwurm dies!
Your lindwurm's corpse degenerates into a cloud of primal chaos!
You aren't carrying any items that you can evoke.
Unknown command.
Throw: dart (poison)
Aim: a two-headed ogre, wielding a +0 giant spiked club and a +0 giant club (severely wounded, 74% to hit)
You throw a poisoned dart.
The poisoned dart hits the two-headed ogre.
You tentacle-slap the two-headed ogre.
Your tentacle-slap misses the two-headed ogre.
You barely miss the two-headed ogre. The two-headed ogre barely misses you.
The two-headed ogre hits you with a +0 giant club!
You barely miss the two-headed ogre.
The two-headed ogre hits you with a +0 giant spiked club!!
The two-headed ogre closely misses you.
You tentacle-slap the two-headed ogre. You tentacle-slap the two-headed ogre.
The two-headed ogre hits you with a +0 giant spiked club!!
Ouch! That really hurt!
You die...
Xom guffaws!

..##.# #.#
..##.#########.#
..##...........#
..################
... ..# .### #.#
.# #.# #.# #@# #O#
#.# #(# #.# #.#
###### #.# ......
#.# #####. #.#


You could see a two-headed ogre.

Vanquished Creatures
  Pikel (D:8)
  A steam dragon (D:8)
  2 orc warriors
  2 hornet zombies
  An ogre (D:4)
  A tengu (D:8)
  2 centaurs (D:8)
  A phantom (D:5)
  3 bullfrogs
  A scorpion (D:4)
  A wyvern zombie (D:6)
  A water moccasin zombie (Ossuary)
  A wyvern skeleton (D:6)
  A water moccasin skeleton (D:6)
  7 orc priests
  4 bullfrog zombies (Ossuary)
  3 centaur zombies (Ossuary)
  2 jellies
  A bullfrog skeleton (D:5)
  An iguana (D:6)
  2 orc wizards (D:8)
  A killer bee zombie (Ossuary)
  9 mummies (Ossuary)
  3 howler monkey zombies (Ossuary)
  2 adders
  2 shadow imps
  5 dart slugs
  18 orcs
  6 ball pythons
  5 endoplasms
  2 giant cockroaches
  5 goblins
  6 hobgoblins
  A jackal (D:2)
  2 kobolds (D:1)
  2 quokkas (D:1)
  3 bats
  6 frilled lizards
  7 rats
124 creatures vanquished.

Vanquished Creatures (collateral kills)
  3 bullfrog zombies (Ossuary)
  A centaur zombie (Ossuary)
  4 mummies (Ossuary)
  A killer bee zombie (Ossuary)
  3 howler monkey zombies (Ossuary)
12 creatures vanquished.

Vanquished Creatures (others)
  An orc wizard (D:8)
  A howler monkey zombie (D:8)
  A withered plant (Ossuary)
3 creatures vanquished.

Grand Total: 139 creatures vanquished

Notes
Turn   | Place    | Note
-------+----------+-------------------------------------------
     0 | D:1      | squidjockey the Octopode Chaos Knight began the quest for
                  | the Orb.
     0 | D:1      | Reached XP level 1. HP: 16/16 MP: 1/1
    73 | D:1      | XOM: silly message
    81 | D:1      | XOM: repel stairs
   202 | D:1      | Reached XP level 2. HP: 21/21 MP: 2/2
   263 | D:1      | XOM: give mutations
   263 | D:1      | Gained mutation: You are clumsy. (Dex -2) [Xom's mischief]
   263 | D:1      | Gained mutation: You are very clumsy. (Dex -4) [Xom's
                  | mischief]
   263 | D:1      | Gained mutation: You sometimes lose the ability to read
                  | scrolls when taking damage. [Xom's mischief]
   263 | D:1      | Gained mutation: You are weak. (Str -2) [Xom's mischief]
   280 | D:1      | Found a faded altar of an unknown god.
   445 | D:1      | XOM: give mutation
   445 | D:1      | Gained mutation: You possess an exceptional clarity of
                  | mind. [Xom's mischief]
   479 | D:1      | XOM: 1-stop teleportation journey
   492 | D:1      | Reached XP level 3. HP: 26/26 MP: 3/3
   714 | D:1      | XOM: enchant monster (bad)
  1374 | D:2      | Found a bloodstained altar of Trog.
  1562 | D:2      | XOM: god gift: club {god gift}
  2037 | D:3      | Reached skill level 4 in Unarmed Combat
  2114 | D:3      | XOM: god gift: scroll labelled YXIOSHR FILE {god gift}
  2131 | D:3      | Learned a level 2 spell: Blink
  2299 | D:3      | XOM is BORED!
  2934 | D:4      | Found a staircase to the Ecumenical Temple.
  2936 | D:4      | Noticed an ogre
  2963 | D:4      | Killed an ogre
  2964 | D:4      | Reached XP level 4. HP: 33/33 MP: 4/4
  2964 | D:4      | Reached XP level 5. HP: 37/37 MP: 5/5
  3025 | D:4      | XOM: give mutation
  3025 | D:4      | Lost mutation: You are weak. (Str -2) [Xom's grace]
  3095 | D:4      | Reached skill level 5 in Unarmed Combat
  3181 | D:4      | Found a blossoming altar of Fedhas.
  3220 | D:4      | XOM: give mutations
  3220 | D:4      | Lost mutation: You are very clumsy. (Dex -4) [Xom's grace]
  3220 | D:4      | Gained mutation: You are partially covered in iridescent
                  | scales. (AC +2) [Xom's grace]
  3220 | D:4      | Gained mutation: You are somewhat resistant to further
                  | mutation. [Xom's grace]
  3250 | D:4      | Found an ornate altar of the Wu Jian Council.
  3724 | D:5      | Entered Level 5 of the Dungeon
  3726 | D:5      | Found a shadowy altar of Dithmenos.
  3726 | D:5      | XOM: 5-stop teleportation journey
  3729 | D:5      | Noticed a yak
  3798 | D:5      | Found an ancient bone altar of Kikubaaqudgha.
  3813 | D:5      | Noticed a phantom
  3835 | D:5      | XOM: confuse monster(s)
  3854 | D:5      | Killed a phantom
  3855 | D:5      | Reached XP level 6. HP: 33/44 MP: 6/6
  3964 | D:5      | XOM: give mutations
  3964 | D:5      | Gained mutation: Your natural rate of healing is unusually
                  | fast. [Xom's grace]
  3964 | D:5      | Gained mutation: You are mostly covered in iridescent
                  | scales. (AC +4) [Xom's grace]
  3988 | D:4      | XOM: summons 4 hostile demons
  4135 | D:5      | Reached skill level 6 in Unarmed Combat
  4176 | D:5      | XOM: 1-stop teleportation journey
  4334 | D:5      | Noticed a yak
  4334 | D:5      | Noticed a yak
  4425 | D:5      | Found a broken altar of Ashenzari.
  4453 | D:5      | Learned a level 3 spell: Mephitic Cloud
  4554 | D:6      | Found Buwe's Armour Boutique.
  4574 | D:6      | Reached XP level 7. HP: 46/49 MP: 7/7
  4593 | D:6      | Found a shimmering altar of Xom.
  4630 | D:6      | Found a radiant altar of Vehumet.
  4631 | D:6      | Found a snail-covered altar of Cheibriados.
  4634 | D:6      | Found a shimmering blue altar of Sif Muna.
  4663 | D:6      | Found a white marble altar of Elyvilon.
  4758 | D:6      | Found Oki Hot's Antique Weapon Shop.
  4838 | D:6      | Found Poalemn's Magic Scroll Emporium.
  4846 | D:6      | Bought a scroll of fear for 38 gold pieces
  4846 | D:6      | Bought a scroll of immolation for 38 gold pieces
  4846 | D:6      | Bought a scroll of identify for 22 gold pieces
  4873 | D:6      | Reached skill level 5 in Fighting
  4917 | D:6      | XOM: divination: detect creatures
  5095 | D:7      | Reached skill level 7 in Unarmed Combat
  5228 | D:7      | Found a sand-covered staircase.
  5237 | Ossuary  | Entered an ossuary
  5274 | Ossuary  | XOM: cast spell 'Monstrous Menagerie'
  5280 | Ossuary  | Reached XP level 8. HP: 53/56 MP: 8/8
  5377 | Ossuary  | Reached skill level 8 in Unarmed Combat
  5407 | Ossuary  | XOM: noise
  5516 | Ossuary  | Reached skill level 5 in Dodging
  5545 | Ossuary  | Lost mutation: You are mostly covered in iridescent scales.
                  | (AC +4) [potion of mutation]
  5545 | Ossuary  | Lost mutation: You sometimes lose the ability to read
                  | scrolls when taking damage. [potion of mutation]
  5545 | Ossuary  | Lost mutation: You are partially covered in iridescent
                  | scales. (AC +2) [potion of mutation]
  5578 | D:7      | XOM: give mutations
  5578 | D:7      | Gained mutation: You are frail. (-10% HP) [Xom's mischief]
  5578 | D:7      | Gained mutation: Your mind is acute. (Int +2) [Xom's
                  | mischief]
  5578 | D:7      | Lost mutation: You are frail. (-10% HP) [Xom's mischief]
  5734 | D:8      | XOM: polymorph jelly -> tengu
  5790 | D:8      | Reached XP level 9. HP: 51/63 MP: 9/9
  6037 | D:8      | Reached skill level 9 in Unarmed Combat
  6061 | D:8      | XOM: god gift: wand of iceblast (9)
  6107 | D:8      | Found an iron altar of Okawaru.
  6139 | D:8      | XOM: confuse monster(s)
  6153 | D:8      | Noticed Pikel
  6161 | D:8      | Killed Pikel
  6193 | D:8      | XOM: destruction
  6463 | D:8      | XOM: divine lightning
  6463 | D:8      | Noticed a two-headed ogre
  6505 | D:8      | XOM: scenery: summon butterflies
  6562 | D:8      | XOM: summons friendly iron imp
  6573 | D:8      | XOM: enchant monster (good)
  6613 | D:8      | XOM: noise
  6631 | D:8      | XOM: cast spell 'Monstrous Menagerie'
  6642 | D:8      | Slain by a two-headed ogre

Illustrated notes

Levels and vault maps discovered:
D:1:      dpeg_arrival_snail, layout_basic, ebering_ecumenical_altar_box,
          dk_noncrumbling_2, chequers_serial_rivers_small_3
D:2:      layout_loops_ring, basic_altar, kennysheep_generic_room_6
D:3:      layout_basic
D:4:      layout_basic, nzn_wu_jian_contemplation, general_overflow_altar,
          minmay_temple_entry_trees
D:5:      layout_loops_cross, old_standard_altar, kennysheep_mini_moat,
          nicolae_dithmenos_the_darkroom
D:6:      layout_basic, minitemple, elyvilon_altar_5, kennysheep_little_box,
          serial_shops, shop, shop_statue, shop, nrook_mini_vaults
D:7:      layout_basic, beargit_hepliaklqana_dungeon_heroes,
          nicolae_ossuary_entry_plus, minmay_misc_feat_plants
D:8:      layout_basic, kennysheep_mini, minmay_increasing_density, uniq_pikel
D:9:      layout_basic

Skill      XL: |  1  2  3  4  5  6  7  8  9 |
---------------+----------------------------+-----
Unarmed Combat | 4 5 6 7 8 9 |  9.6
Fighting       | 4 5 6 7 |  7.0
Dodging        | 3 4 5 6 |  6.1
Evocations     | 3 |  3.0

Action                   |  1- 3 |  4- 6 |  7- 9 || total
-------------------------+-------+-------+-------++-------
Melee: Unarmed           |    77 |    26 |   218 ||   321
       Constrict         |    16 |     9 |    42 ||    67
       Tentacles         |    10 |    10 |    43 ||    63
       Punch             |     1 |       |    15 ||    16
       Whip              |       |    11 |     3 ||    14
 Fire: Hunting sling     |    14 |    24 |    11 ||    49
Throw: Dart              |     2 |     2 |     5 ||     9
       Stone             |       |       |     1 ||     1
Evoke: Wand              |       |       |     9 ||     9
  Use: Scroll            |       |     5 |    11 ||    16
       Potion            |       |       |     3 ||     3
 Stab: Sleeping          |     6 |     1 |     1 ||     8
       Distracted        |       |       |     1 ||     1
Armor: Skin              |     5 |     4 |    45 ||    54
Dodge: Dodged            |    55 |    19 |   121 ||   195

Table legend: (Time is in decaauts)
 A = Elapsed time spent in this place.
 B = Non-inter-level travel time spent in this place.
 C = Inter-level travel time spent in this place.
 D = Time resting spent in this place.
 E = Time spent auto-exploring this place.
 F = Levels seen in this place.
 G = Mean time per level.
                   A        B        C        D        E       F      G
               +--------+--------+--------+--------+--------+-----+--------+
         Total |   6591 |   6136 |    455 |    438 |   4334 |  10 |  659.1 |
       Dungeon |   6292 |   5837 |    455 |    436 |   4235 |   9 |  699.1 |
       Ossuary |    298 |    298 |      0 |      2 |     99 |   1 |  298.0 |
               +--------+--------+--------+--------+--------+-----+--------+

Top non-repeatable levels by time:
     D:1: 1157 daAuts
     D:4: 1011 daAuts
     D:3: 911 daAuts
     D:8: 904 daAuts
     D:2: 749 daAuts
     D:6: 658 daAuts
     D:5: 624 daAuts
 Ossuary: 298 daAuts
     D:7: 266 daAuts
     D:9: 9 daAuts
